 Dungeon Crawl Stone Soup version 0.26-a0-466-g989023bd0d (webtiles) character file.

Game seed: 9617380005622182772

8169 Apogee the Grappler (level 11, -6/163 HPs)
             Began as a Troll Berserker on Aug 12, 2020.
             Was an Elder of Trog.
             Mangled by a polar bear (21 damage)
             ... on level 2 of the Lair of Beasts.
             The game lasted 00:11:25 (7680 turns).

Apogee the Grappler (Troll Berserker)               Turns: 7680, Time: 00:11:26

Health: -6/163     AC:  8    Str: 29    XL:     11   Next: 6%
Magic:  10/10      EV: 13    Int:  4    God:    Trog [****..]
Gold:   759        SH:  0    Dex:  9    Spells: 10/10 levels left

rFire    . . .     SeeInvis .     - Unarmed
rCold    + + .     Faith    .   (no shield)
rNeg     . . .     Spirit   .   E - +2 robe {rC+}
rPois    .         Reflect  .   (helmet restricted)
rElec    .         Harm     .   (no cloak)
rCorr    .                      (gloves unavailable)
MR       ++...                  (boots unavailable)
Stlth    ..........             (no amulet)
HPRegen  1.77/turn              (no ring)
MPRegen  0.12/turn              o - ring of protection from cold

@: berserking (expiring), regenerating, very quick
A: large, unfitting armour, claws 3, regeneration 1, shaggy fur 1, tough skin 3
a: Berserk, Trog's Hand, Brothers in Arms, Renounce Religion


You were on level 2 of the Lair of Beasts.
You worshipped Trog.
Trog was greatly pleased with you.
You visited 2 branches of the dungeon, and saw 10 of its levels.

You collected 759 gold pieces.

Inventory:

Hand Weapons
 a - a +0 giant club
   (You took it off an ogre on level 6 of the Dungeon)
Missiles
 j - 229 stones
 p - 7 curare-tipped darts (quivered) {!f}
 s - 2 throwing nets {!f}
Armour
 e - a +0 animal skin
 m - a +0 cloak
   (You took it off Maurice on level 8 of the Dungeon)
 E - a +2 robe of cold resistance (worn)
   (You found it on level 8 of the Dungeon)
Jewellery
 o - a ring of protection from cold (right claw)
   (You found it on level 1 of the Dungeon)
Wands
 c - a wand of disintegration (14)
   (You found it on level 2 of the Dungeon)
 d - a wand of iceblast (3)
   (You took it off a kobold on level 7 of the Dungeon)
 r - a wand of polymorph (21)
   (You found it on level 5 of the Dungeon)
 t - a wand of flame (16)
   (You found it on level 5 of the Dungeon)
 v - a wand of digging (2)
   (You found it on level 4 of the Dungeon)
 C - a wand of enslavement (10)
   (You took it off Maurice on level 8 of the Dungeon)
Scrolls
 f - 3 scrolls of blinking {unknown}
 g - 4 scrolls of amnesia
 h - 4 scrolls of enchant weapon {unknown}
 i - 6 scrolls of remove curse {@r2}
 k - 3 scrolls of fog
 l - 6 scrolls of teleportation {unknown}
 n - 3 scrolls of immolation {!r}
 q - 3 scrolls of noise {unknown}
 u - a scroll of holy word {unknown}
 w - 4 scrolls of identify {@r1}
 y - a scroll of magic mapping {unknown}
 D - 4 scrolls of enchant armour
Potions
 b - 4 potions of mutation {!q}
 x - a potion of haste {unknown}
 z - 2 potions of degeneration {unknown}
 A - a potion of heal wounds {unknown}
 B - 5 potions of lignification {!q}
 F - 2 potions of might {unknown}
 G - a potion of ambrosia {unknown}


   Skills:
 + Level 7.6 Fighting
 + Level 7.6 Dodging
 * Level 12.3 Unarmed Combat


You had 10 spell levels left.
You didn't know any spells.
Your spell library was empty.

Dungeon Overview and Level Annotations

Branches:
Dungeon (8/15)             Temple (0/1) D:7            Lair (2/6) D:8
  Swamp: Lair:2-4    Shoals: Lair:2-4     Snake: Lair:2-4    Spider: Lair:2-4

Altars:
Ashenzari
Fedhas
Okawaru
Qazlal
Uskayaw
Zin


Innate Abilities, Weirdness & Mutations

You are too large for most types of armour.
You have claws for hands.
Your natural rate of healing is unusually fast.
You are covered in fur. (AC +1)
You have extremely tough skin. (AC +3)


Message History

* * * LOW HITPOINT WARNING * * *
The ice beast hits you but does no damage.
Unknown command.
Unknown command.
Your skin crawls.
You feel resistant to hostile enchantments.
The polar bear bites you but does no damage.
The polar bear barely misses you. x2
A red film seems to cover your vision as you go berserk!
You feel yourself moving faster!
You feel mighty! The polar bear completely misses you.
The polar bear barely misses you. The polar bear misses you.
You closely miss the polar bear. You barely miss the polar bear.
The polar bear bites you.
* * * LOW HITPOINT WARNING * * *
The polar bear closely misses you. The polar bear claws you.
* * * LOW HITPOINT WARNING * * *
You claw the polar bear!
Unknown command.
You claw the polar bear! The polar bear bites you!
* * * LOW HITPOINT WARNING * * *
The polar bear barely misses you. The polar bear completely misses you.
You claw the polar bear!
The polar bear goes berserk!
You closely miss the polar bear. You claw the polar bear.
Unknown command.
You closely miss the polar bear. The polar bear misses you.
The polar bear claws you.
* * * LOW HITPOINT WARNING * * *
The polar bear barely misses you.
You barely miss the polar bear. You claw the polar bear.
The white imp disappears for a moment.
The polar bear closely misses you. The polar bear claws you.
* * * LOW HITPOINT WARNING * * *
The polar bear closely misses you.
You closely miss the polar bear. The polar bear bites you!
* * * LOW HITPOINT WARNING * * *
The polar bear claws you.
* * * LOW HITPOINT WARNING * * *
The polar bear claws you.
* * * LOW HITPOINT WARNING * * *
You closely miss the polar bear.
Unknown command.
You are too berserk!
Unknown command.
You claw the polar bear! The polar bear closely misses you.
The polar bear misses you.
The polar bear claws you but does no damage.
Unknown command.
You scratch the polar bear. The polar bear bites you!!
You die...

..#.... #.P#
.........#...#
.............###
≈≈.......#.....#
≈≈≈.⌠.... ....##
.≈≈≈≈..... ....P##
≈.≈≈≈....##.....P#
≈≈.≈≈...5h@.....#
≈...≈≈..Y##....#.#
≈≈.≈......#...##
≈≈≈.≈....##...?#
≈≈≈≈...........#
≈≈≈(...<.......#
≈≈≈≈.........###
≈≈≈≈≈.#...##P#
≈≈.≈....### ##


You could see a polar bear (berserk), an ice beast and a white imp.

Vanquished Creatures
  2 two-headed ogres (D:8)
  Pikel (D:8)
  Psyche (D:8)
  3 cane toads (Lair:1)
  Maurice (D:8)
  A komodo dragon (Lair:1)
  2 hippogriffs
  Sigmund (D:4)
  2 basilisks (Lair:1)
  A water moccasin (Lair:1)
  2 porcupines
  An ice beast (Lair:2)
  A necrophage (D:8)
  A sky beast (D:6)
  5 black bears
  A phantom (D:8)
  A centaur (D:8)
  3 ogres
  A lemure (D:7)
  3 crocodiles
  A big kobold (D:7)
  9 bullfrogs
  A gnoll sergeant (D:6)
  3 scorpions
  11 killer bees (D:7)
  3 howler monkeys
  2 bullfrog zombies (D:8)
  A quasit (D:7)
  A centaur skeleton (D:6)
  A centaur zombie (D:8)
  3 orc priests (D:6)
  A jelly (D:7)
  3 iguanas
  3 orc wizards
  4 worker ants
  A killer bee zombie (D:7)
  A hound skeleton (D:6)
  13 gnolls
  A howler monkey skeleton (D:8)
  7 adders
  A shadow imp (D:8)
  3 white imps
  An ufetubus (D:5)
  2 adder skeletons
  2 worms
  A dart slug (D:2)
  3 leopard geckos
  25 orcs
  2 ball pythons
  7 bats (D:2)
  3 giant cockroaches
  7 goblins
  4 hobgoblins
  12 jackals
  10 kobolds
  2 quokkas
  6 frilled lizards
  A giant cockroach zombie (D:5)
  A leopard gecko skeleton (D:5)
  A quokka skeleton (D:4)
  8 rats
206 creatures vanquished.

Vanquished Creatures (collateral kills)
  An orc warrior (D:7)
  A phantom (D:7)
  An orc wizard (D:7)
  2 orcs (D:7)
5 creatures vanquished.

Vanquished Creatures (others)
  23 fungi (D:8)
  7 plants (D:8)
30 creatures vanquished.

Grand Total: 241 creatures vanquished

Notes
Turn   | Place    | Note
-------+----------+-------------------------------------------
     0 | D:1      | Apogee the Troll Berserker began the quest for the Orb.
     0 | D:1      | Reached XP level 1. HP: 22/22 MP: 0/0
   470 | D:1      | Reached XP level 2. HP: 29/29 MP: 1/1
   962 | D:2      | Reached XP level 3. HP: 36/36 MP: 2/2
  1142 | D:2      | Reached ** piety under Trog
  1142 | D:2      | Reached skill level 4 in Unarmed Combat
  1568 | D:3      | Reached XP level 4. HP: 33/44 MP: 3/3
  2055 | D:4      | Reached XP level 5. HP: 45/53 MP: 4/4
  2140 | D:4      | Reached skill level 5 in Unarmed Combat
  2333 | D:4      | Reached XP level 6. HP: 61/61 MP: 5/5
  2334 | D:4      | Found a stormy altar of Qazlal.
  2334 | D:4      | Found a blossoming altar of Fedhas.
  2338 | D:4      | Found a glowing silver altar of Zin.
  2393 | D:4      | Noticed Sigmund
  2416 | D:4      | Killed Sigmund
  2416 | D:4      | Reached *** piety under Trog
  2434 | D:4      | Found a hide-covered altar of Uskayaw.
  2675 | D:5      | Entered Level 5 of the Dungeon
  2883 | D:5      | Found an iron altar of Okawaru.
  3188 | D:5      | Reached skill level 6 in Unarmed Combat
  3265 | D:5      | Reached XP level 7. HP: 68/68 MP: 6/6
  3869 | D:6      | Reached skill level 7 in Unarmed Combat
  3881 | D:6      | Reached XP level 8. HP: 62/79 MP: 7/7
  4485 | D:6      | Reached **** piety under Trog
  4747 | D:7      | Reached skill level 8 in Unarmed Combat
  4751 | D:7      | Reached skill level 5 in Dodging
  4754 | D:7      | Reached skill level 5 in Fighting
  4980 | D:7      | Found a staircase to the Ecumenical Temple.
  5040 | D:7      | Reached XP level 9. HP: 81/88 MP: 8/8
  5042 | D:7      | Reached skill level 9 in Unarmed Combat
  5694 | D:8      | Noticed Pikel
  5694 | D:8      | Noticed a two-headed ogre
  5700 | D:8      | Killed a two-headed ogre
  5700 | D:8      | Reached skill level 10 in Unarmed Combat
  5804 | D:8      | Found a stormy altar of Qazlal.
  5806 | D:8      | Noticed Maurice
  5813 | D:8      | Killed Maurice
  5927 | D:8      | Found a staircase to the Lair.
  5930 | D:8      | Noticed Psyche
  5934 | D:8      | Reached XP level 10. HP: 100/100 MP: 9/9
  5951 | D:8      | Killed Psyche
  6041 | D:8      | Reached skill level 11 in Unarmed Combat
  6149 | D:8      | Killed Pikel
  6181 | D:8      | Noticed a two-headed ogre
  6193 | D:8      | Killed a two-headed ogre
  6453 | D:8      | Found a shattered altar of Ashenzari.
  6798 | Lair:1   | Entered Level 1 of the Lair of Beasts
  6889 | Lair:1   | Noticed a cane toad
  6900 | Lair:1   | Killed a cane toad
  6900 | Lair:1   | Reached skill level 12 in Unarmed Combat
  7066 | Lair:1   | Noticed a cane toad
  7072 | Lair:1   | Killed a cane toad
  7266 | Lair:1   | Reached XP level 11. HP: 109/109 MP: 10/10
  7680 | Lair:2   | Mangled by a polar bear

Illustrated notes

Levels and vault maps discovered:
D:1:      minmay_arrival_hallway, layout_basic
D:2:      layout_loops_corners, eino_tiny_chamber,
          minmay_fractal_squares_gapless_5
D:3:      layout_rooms
D:4:      layout_loops_ring, eat_drink_and_be_merry_uskayaw,
          grunt_temple_overflow_open, uniq_sigmund
D:5:      layout_basic, okawaru_trees_1
D:6:      layout_basic, hangedman_decor_peaks_small
D:7:      layout_basic, minmay_temple_entry_stoned_glass, minmay_misc_feat_rows
D:8:      kennysheep_big_flooded_room, layout_basic, ashenzari_altar_1,
          due_lair_maze_entry_diamond, chequers_hall_statues_y, moated_statue,
          solitary_fountain, grunt_qazlal_clouds, uniq_pikel, uniq_maurice,
          uniq_psyche
Lair:1:   layout_long_grid
Lair:2:   layout_gridlike, minmay_shoals_entry_centaurs, ice2_lemuel, uniq_erica

Skill      XL: |  1  2  3  4  5  6  7  8  9 10 |
---------------+-------------------------------+-----
Unarmed Combat | 4 5 6 7 8 10 12 | 12.3
Dodging        | 3 4 5 6 7 |  7.6
Fighting       | 3 4 5 6 7 |  7.6

Action                   |  1- 3 |  4- 6 |  7- 9 | 10-12 || total
-------------------------+-------+-------+-------+-------++-------
Melee: Unarmed           |    97 |   123 |   236 |   150 ||   606
       Punch             |     2 |     3 |    12 |    17 ||    34
Throw: Stone             |       |     1 |       |       ||     1
       Dart              |       |       |     1 |       ||     1
Invok: Berserk           |       |     1 |     7 |     3 ||    11
       Trog's Hand       |       |       |     1 |     2 ||     3
       Brothers in Arms  |       |       |     1 |     1 ||     2
  Use: Scroll            |       |       |     8 |     1 ||     9
 Stab: Sleeping          |     1 |       |       |       ||     1
Armor: Animal skin       |    39 |    28 |    69 |    11 ||   147
       Robe              |       |       |       |    25 ||    25
Dodge: Dodged            |    44 |    67 |   123 |    96 ||   330

Table legend: (Time is in decaauts)
 A = Elapsed time spent in this place.
 B = Non-inter-level travel time spent in this place.
 C = Inter-level travel time spent in this place.
 D = Time resting spent in this place.
 E = Time spent auto-exploring this place.
 F = Levels seen in this place.
 G = Mean time per level.
                   A        B        C        D        E       F      G
               +--------+--------+--------+--------+--------+-----+--------+
         Total |   7695 |   7408 |    287 |    935 |   5143 |  10 |  769.5 |
       Dungeon |   6832 |   6567 |    265 |    795 |   4597 |   8 |  854.0 |
          Lair |    863 |    841 |     22 |    140 |    546 |   2 |  431.5 |
               +--------+--------+--------+--------+--------+-----+--------+

Top non-repeatable levels by time:
     D:7: 1165 daAuts
     D:5: 1016 daAuts
     D:8: 1011 daAuts
     D:6: 964 daAuts
     D:2: 847 daAuts
  Lair:1: 838 daAuts
     D:1: 700 daAuts
     D:4: 684 daAuts
     D:3: 442 daAuts
  Lair:2: 24 daAuts
